 Dungeon Crawl Stone Soup version 0.19-a0-473-g3ac10ee (webtiles) character file.

49 Etesian the Skirmisher (level 3, 33/33 HPs)
             Began as a Hill Orc Fighter on June 4, 2016.
             Was a Believer of Lugonu.
             Quit the game on level 2 of the Dungeon.
             The game lasted 00:05:14 (1230 turns).

Etesian the Skirmisher (Hill Orc Fighter)           Turns: 1230, Time: 00:05:15

Health: 33/33      AC:  7    Str: 16 (19) XL:     3   Next: 77%
Magic:  3/3        EV:  7    Int:  7 (8)  God:    Lugonu [**....]
Gold:   100        SH:  8    Dex:  8 (10) Spells: 0 memorised, 2 levels left

rFire  + . .     SeeInvis .     a - +1 war axe
rCold  + . .     Gourm    .     b - +0 scale mail
rNeg   . . .     Faith    .     c - +0 shield
rPois  +         Spirit   .     (no helmet)
rElec  +         Dismiss  .     (no cloak)
rCorr  +         Reflect  .     (no gloves)
SustAt .         Harm     .     (no boots)
MR     .....                    (no amulet)
Stlth  ..........               (no ring)
                                g - ring of flight

@: resistant, not resistant to hostile enchantments, extremely unstealthy
A: no striking features
a: Depart the Abyss, Bend Space, Renounce Religion, Evoke Flight


You were on level 2 of the Dungeon.
You worshipped Lugonu.
Lugonu was pleased with you.
You were not hungry.

You visited 1 branch of the dungeon, and saw 2 of its levels.

You collected 100 gold pieces.

Inventory:

Hand Weapons
 a - a +1 war axe (weapon)
Missiles
 l - 8 javelins (quivered)
Armour
 b - a +0 scale mail (worn)
 c - a +0 shield (worn)
Jewellery
 g - a ring of flight (left hand)
Scrolls
 h - a scroll of fog
 n - a scroll of remove curse
Potions
 d - a potion of might
 i - 3 potions of curing
 k - 2 potions of heal wounds
Comestibles
 f - 2 bread rations
 j - a meat ration
 o - a chunk of flesh


   Skills:
 + Level 3.9 Fighting
 * Level 3.9 Axes
 + Level 3.7 Armour
 + Level 3.7 Shields
 + Level 0.3 Invocations


You had 2 spell levels left.
You didn't know any spells.

Dungeon Overview and Level Annotations

Branches:
Dungeon (2/15)

Altars:
Makhleb
Yredelemnul
Lugonu


Message History

You slash the adder!
You kill the adder!
Lugonu accepts your kill.
No target in view!
No target in view!
You see here an adder corpse.
You butcher the adder corpse.
o - a chunk of flesh
Found a stone staircase leading up.
A bat is nearby!
It was a potion of degeneration.
There was something very wrong with that liquid.
You feel weakened.
You feel dopey.
You feel clumsy.
It was a potion of resistance.
You feel protected. The bat hits you but does no damage.
It was a potion of heal wounds.
You feel much better. The bat barely misses you.
Health restored: 33 Are you sure you want to abandon this character and quit the game? (Confirm with "yes".)

#.###..#.#### ..#
#............ ..#
######........ #.#
#.......)...#. ...
#.#####.#..... #<#
#.# #.###.รท. #.#
#.#####.#####.
#b###.##....##....
#@.......#..##.##.
#.....##.##..#.#..
###...##.###.....#
#......#.##...##
#.####.'8.##.##.
#.# #.#...#'#..
#.# #.##...'...
#.# ##.##.....#
#.# #..##.8.##


You could see a bat.

Vanquished Creatures
  3 adders (D:2)
  2 dart slugs
  A giant gecko (D:2)
  2 bats (D:1)
  4 goblins
  A hobgoblin (D:1)
  4 giant newts
  A kobold (D:1)
  A rat (D:2)
19 creatures vanquished.

Notes
Turn   | Place    | Note
--------------------------------------------------------------
     0 | D:1      | Etesian the Hill Orc Fighter began the quest for the Orb.
     0 | D:1      | Reached XP level 1. HP: 19/19 MP: 1/1
     8 | D:1      | Noticed a merfolk zombie
    46 | D:1      | Noticed a merfolk zombie
   339 | D:1      | Reached XP level 2. HP: 27/27 MP: 2/2
   825 | D:2      | Reached XP level 3. HP: 27/33 MP: 3/3
  1101 | D:2      | Found a faded altar of an unknown god.
  1113 | D:2      | Became a worshipper of Lugonu the Unformed
  1113 | D:2      | Reached * piety under Lugonu
  1113 | D:2      | Reached ** piety under Lugonu
  1173 | D:2      | Found a basalt altar of Yredelemnul.
  1174 | D:2      | Found a burning altar of Makhleb.
  1230 | D:2      | Quit the game

Vault maps used:
D:1:      shiori_arrival_whats_in_store_for_you
D:2:      marbit_many_paths, nicolae_overflow_hidden_temple, ecumenical_altar_2,
          grunt_decor_arrowhead

Skill      XL: |  1 |
---------------+----+-----
Axes           | 3 |  3.9
Fighting       | |  3.9
Armour         | |  3.7
Shields        | |  3.7
Invocations    | |  0.3

Action                   || total
-------------------------++-------
Melee: War axe           ||    48
  Use: Scroll            ||     4
       Potion            ||     3
  Eat: Chunk             ||     1
Armor: Scale mail        ||    23
Dodge: Dodged            ||     9
Block: Shield            ||    26
